 Dungeon Crawl Stone Soup version 0.30.2 (webtiles) character file.

Game seed: 18024160632263678748

24 porpoise the Poker (level 2, 0/23 HPs)
             Began as a Demonspawn Gladiator on Apr 13, 2024.
             Succumbed to an adder's poison
             ... on level 2 of the Dungeon.
             The game lasted 00:01:56 (696 turns).

porpoise the Poker (Demonspawn Gladiator)            Turns: 696, Time: 00:01:57

Health: 0/23       AC:  6    Str: 13 (14) XL:     2   Next: 79%
Magic:  2/2        EV: 11    Int:  8 (9)  God:
Gold:   83         SH:  0    Dex: 13 (14) Spells: 1/1 levels left

rFire   . . .        a - +0 trident
rCold   . . .        (no shield)
rNeg    . . .        g - +0 ring mail
rPois   .            (helmet restricted)
rElec   .            b - +0 cloak
rCorr   .            (no gloves)
SInv    .            (no boots)
Will    .....        (no amulet)
Stlth   +            (no ring)
HPRegen 0.23/turn    (no ring)
MPRegen 0.08/turn

%: no passive effects
@: lethally poisoned (0 -> -9)
A: antennae 1
a: no special abilities


You were on level 2 of the Dungeon.
You visited 1 branch of the dungeon, and saw 2 of its levels.

You collected 83 gold pieces.

Inventory:

Hand Weapons
 a - a +0 trident (weapon)
Missiles
 d - 3 throwing nets (quivered)
 e - a javelin
Armour
 b - a +0 cloak (worn)
 g - a +0 ring mail (worn)
 m - a +2 kite shield
Jewellery
 f - a +6 ring of strength
Scrolls
 c - 2 scrolls of enchant weapon {unknown}
 j - a scroll of butterflies {unknown}
 k - 2 scrolls of teleportation {unknown}
 l - a scroll of blinking {unknown}
Potions
 h - a potion of flight {unknown}
 i - 2 potions of degeneration


   Skills:
 + Level 2.5 Fighting
 * Level 3.4 Polearms
 - Level 1.7 Throwing
 - Level 2.6 Dodging


You had one spell level left.
You didn't know any spells.
Your spell library was empty.

Dungeon Overview and Level Annotations

Branches:
Dungeon (2/15)

Altars:
Cheibriados


Innate Abilities, Weirdness & Mutations

You have a pair of small antennae on your head.


Message History

You closely miss the adder.
The adder is lightly wounded.
The adder barely misses you.
You barely miss the adder.
The adder is lightly wounded.
The adder bites you. The adder completely misses you.
You are too injured to fight recklessly!
You are too injured to fight recklessly!
You are too injured to fight recklessly!
You hit the adder.
The adder is heavily wounded.
The adder bites you but does no damage.
You hit the adder.
The adder is severely wounded.
The adder misses you. The adder bites you but does no damage.
You barely miss the adder.
The adder is severely wounded.
The adder bites you but does no damage.
You miss the adder.
The adder is severely wounded.
The adder bites you but does no damage. x2
You closely miss the adder.
The adder is severely wounded.
The adder bites you.
You hit the adder.
The adder is severely wounded.
The adder bites you but does no damage. The adder bites you.
You are poisoned.
The adder poisons you!
You barely miss the adder.
The adder is severely wounded.
* * * LOW HITPOINT WARNING * * *
You feel sick. The adder bites you.
* * * LOW HITPOINT WARNING * * *
You are more poisoned.
The adder poisons you!
It was a potion of degeneration.
There was something very wrong with that liquid.
You feel weakened.
You feel dopey.
You feel clumsy.
You die...

#.#######.#
.........# ...#
..#.
..#######.#
.... ...# ###
.# #..# ....# #
#.# ..# ....# #
#. ......... #
#.#####.#.....#
#
#.......S.....#
# ##.## #@#
##...###.#
##.....##.#
#....[....#
##.....####
##...## ##.##
#.# ####.#


You could see an adder.

Vanquished Creatures
  3 bats (D:1)
  3 endoplasms
  3 giant cockroaches (D:1)
  4 hobgoblins
  2 kobolds
  2 ball pythons (D:2)
  3 frilled lizards
20 creatures vanquished.

Notes
Turn   | Place    | Note
-------+----------+-------------------------------------------
     0 | D:1      | porpoise the Demonspawn Gladiator began the quest for the
                  | Orb.
     0 | D:1      | Reached XP level 1. HP: 16/16 MP: 1/1
   197 | D:1      | Reached skill level 3 in Polearms
   241 | D:1      | Gained mutation: You have a pair of small antennae on your
                  | head. [demonic ancestry]
   241 | D:1      | Reached XP level 2. HP: 22/22 MP: 2/2
   585 | D:2      | Found a snail-covered altar of Cheibriados.
   696 | D:2      | Succumbed to an adder's poison

Illustrated notes

Levels and vault maps discovered:
D:1:      roderic_crossed_star, layout_rooms, grunt_decor_junction
D:2:      layout_loops_ring, basic_altar, serial_shops, nicolae_shop_tiny_glass,
          grunt_decor_cap

Skill      XL: |  1 |
---------------+----+-----
Polearms       | 3 |  3.4
Fighting       | |  2.5
Throwing       | |  1.7
Dodging        | |  2.6

Action                     || total
---------------------------++-------
  Melee: Trident           ||   106
         Punch             ||     1
    Use: Potion            ||     1
 Armour: Leather armour    ||    13
         Ring mail         ||    26
  Dodge: Dodged            ||    52
